 Dungeon Crawl Stone Soup version 0.31-a0-152-g6aa68a64a1 (webtiles) character file.

Game seed: 2525609892968532229

85 qw the Shooter (level 4, 0/40 HPs)
             Began as a Naga Hunter on June 11, 2023.
             Slain by a frilled lizard (1 damage)
             ... on level 2 of the Dungeon.
             The game lasted 00:00:32 (1063 turns).

qw the Shooter (Naga Hunter)                        Turns: 1063, Time: 00:00:32

Health: 0/40       AC:  2    Str: 14    XL:     4   Next: 48%
Magic:  4/4        EV:  9    Int:  9    God:
Gold:   20         SH:  0    Dex: 16    Spells: 3/3 levels left

rFire   . . .        Y - +0 shortbow
rCold   . . .        (shield currently unavailable)
rNeg    . . .        c - +0 leather armour
rPois   +            (no helmet)
rElec   .            (no cloak)
rCorr   +            (no gloves)
SInv    +            (no barding)
Will    .....        (no amulet)
Stlth   ++           e - ring of resist corrosion
HPRegen 0.26/turn    (no ring)
MPRegen 0.09/turn

%: no passive effects
@: short of breath, slowed, very slow
A: AC +1, large, see invisible, deformed body, poison resistance, slowness 2,
spit poison 1, naga tail 1
a: Spit Poison


You were on level 2 of the Dungeon.
You visited 1 branch of the dungeon, and saw 2 of its levels.

You collected 20 gold pieces.


Innate Abilities, Weirdness & Mutations

Your serpentine skin is tough. (AC +1)
You have supernaturally acute eyesight. (SInv)
Armour fits poorly on your strangely shaped body.
Your system is resistant to poisons. (rPois)
You cover ground very slowly.
You can spit poison.
You have a snake-like lower body.


   Skills:
 + Level 2.7 Fighting
 - Level 5.0 Ranged Weapons
 - Level 1.5 Dodging
 - Level 1.5 Stealth


You had 3 spell levels left.
You didn't know any spells.
Your spell library was empty.

Inventory:

Hand Weapons
 Y - a +0 shortbow (weapon)
Armour
 c - a +0 leather armour (worn)
Jewellery
 e - a ring of resist corrosion (left hand)
Potions
 b - a potion of resistance {unknown}
 f - a potion of mutation {unknown}
 g - a potion of curing {unknown}

Dungeon Overview and Level Annotations

Branches:
Dungeon (2/15)

Altars:

Annotations:
D:2 Natasha


Message History

The adder bites you.
Natasha casts a spell.
You shoot an arrow. The arrow closely misses the adder.
The adder barely misses you. Natasha casts a spell at you.
You feel yourself slow down.
You shoot an arrow. The arrow barely misses the adder.
The adder looks more healthy.
The adder bites you. x2
Natasha closely misses you. The adder barely misses you.
You shoot an arrow. The arrow closely misses the adder.
You have got your breath back.
Natasha barely misses you. The adder bites you.
Natasha zaps a wand.
The puff of flame hits you! The adder barely misses you.
1060 ||| INVOKING Spit Poison.
Aiming: Spit Poison (1% risk of failure)
Press: ? - help, Shift-Dir - straight line, f/p - adder The splash of poison hits the adder.
The adder is poisoned.
You kill the adder!
Natasha claws you! Natasha closely misses you.
You shoot an arrow. The arrow barely misses Natasha.
You have got your breath back.
The frilled lizard closely misses you.
The cerulean imp hits you from afar with a +0 spear.
Natasha claws you. The frilled lizard closely misses you.
The cerulean imp barely misses you. Natasha claws you but does no damage.
1062 ||| INVOKING Spit Poison.
Aiming: Spit Poison (1% risk of failure)
Press: ? - help, Shift-Dir - straight line, f/p - Natasha The splash of poison misses Natasha.
The frilled lizard bites you.
The cerulean imp hits you from afar with a +0 spear.
Natasha completely misses you.
The endoplasm jiggles.
The frilled lizard barely misses you.
The cerulean imp hits you from afar with a +0 spear.
You shoot an arrow. The arrow closely misses Natasha.
Natasha barely misses you. The frilled lizard closely misses you.
The cerulean imp barely misses you. Natasha claws you.
The frilled lizard bites you.
You die...

#. #. ####. .#
#######.... ...
........##. ..#.
######..### .....##
###### #..##
..$..5h###....#####...##
#l@.............)..
#####....######.#.#
#....# #.#.# #....#
#.#.# ###### #.#.# ..#)#
..#.. .### ##


You could see Natasha, a cerulean imp (summoned) and a frilled lizard.

Vanquished Creatures
  Terence (D:2)
  An adder (D:2)
  A dart slug (D:2)
  4 bats
  7 endoplasms
  4 giant cockroaches
  4 goblins
  4 hobgoblins
  A jackal (D:2)
  4 kobolds
  6 ball pythons
  2 frilled lizards
  6 rats
45 creatures vanquished.

Notes
Turn   | Place    | Note
-------+----------+-------------------------------------------
     0 | D:1      | qw the Naga Hunter began the quest for the Orb.
     0 | D:1      | Reached XP level 1. HP: 19/19 MP: 1/1
     0 | D:1      | 0 ||| qw: Version: 0.2-a-29-gd901d54
     0 | D:1      | 0 ||| qw: Game counter: 4025
     0 | D:1      | 0 ||| qw: Always use a shield: true
     0 | D:1      | 0 ||| qw: God list: Okawaru
     0 | D:1      | 0 ||| qw: Allow faded altars: false
     0 | D:1      | 0 ||| qw: Do Orc after D:15 true
     0 | D:1      | 0 ||| qw: Do second Lair branch before Depths: true
     0 | D:1      | 0 ||| qw: Lair rune preference: random
     0 | D:1      | 0 ||| qw: Plans: Normal
     0 | D:1      | 0 ||| PLANNING D:1-11
    20 | D:1      | 20 ||| DROPPING +2 sling of freezing.
   144 | D:1      | 144 ||| INVOKING Spit Poison.
   177 | D:1      | 177 ||| INVOKING Spit Poison.
   178 | D:1      | 178 ||| INVOKING Spit Poison.
   179 | D:1      | Reached skill level 4 in Ranged Weapons
   179 | D:1      | Reached XP level 2. HP: 26/26 MP: 2/2
   182 | D:1      | 182 ||| INVOKING Spit Poison.
   215 | D:1      | You fall into a shaft and drop 1 floor!
   217 | D:2      | 217 ||| INVOKING Spit Poison.
   222 | D:2      | Noticed Terence
   225 | D:2      | 225 ||| INVOKING Spit Poison.
   230 | D:2      | 230 ||| INVOKING Spit Poison.
   230 | D:2      | Killed Terence
   231 | D:2      | Reached XP level 3. HP: 16/32 MP: 3/3
   331 | D:2      | 331 ||| INVOKING Spit Poison.
   332 | D:2      | 332 ||| INVOKING Spit Poison.
   337 | D:2      | 337 ||| INVOKING Spit Poison.
   358 | D:2      | 358 ||| INVOKING Spit Poison.
   361 | D:2      | 361 ||| INVOKING Spit Poison.
   367 | D:2      | 367 ||| INVOKING Spit Poison.
   389 | D:2      | 389 ||| INVOKING Spit Poison.
   402 | D:2      | 402 ||| DROPPING ring of magical power.
   403 | D:2      | 403 ||| UPGRADING to ring of resist corrosion.
   404 | D:2      | 404 ||| DROPPING scroll of butterflies.
   413 | D:1      | 413 ||| INVOKING Spit Poison.
   459 | D:1      | 459 ||| INVOKING Spit Poison.
   473 | D:1      | 473 ||| INVOKING Spit Poison.
   485 | D:1      | 485 ||| INVOKING Spit Poison.
   490 | D:1      | 490 ||| INVOKING Spit Poison.
   555 | D:1      | 555 ||| INVOKING Spit Poison.
   595 | D:1      | 595 ||| INVOKING Spit Poison.
   607 | D:1      | 607 ||| INVOKING Spit Poison.
   621 | D:1      | 621 ||| INVOKING Spit Poison.
   622 | D:1      | Reached skill level 5 in Ranged Weapons
   710 | D:1      | 710 ||| READING scroll labelled NAJEESK RALLYO.
   711 | D:1      | 711 ||| READING scroll labelled DIETAFR PYBACO.
   764 | D:2      | Reached XP level 4. HP: 35/39 MP: 4/4
   764 | D:2      | 764 ||| INVOKING Spit Poison.
   769 | D:2      | 769 ||| INVOKING Spit Poison.
   773 | D:2      | 773 ||| FLEEEEING.
   778 | D:2      | 778 ||| STAIRDANCE
   798 | D:2      | 798 ||| INVOKING Spit Poison.
   825 | D:2      | 825 ||| INVOKING Spit Poison.
   837 | D:2      | 837 ||| INVOKING Spit Poison.
   843 | D:2      | 843 ||| INVOKING Spit Poison.
  1002 | D:2      | 1002 ||| INVOKING Spit Poison.
  1025 | D:2      | 1025 ||| INVOKING Spit Poison.
  1051 | D:2      | 1051 ||| INVOKING Spit Poison.
  1052 | D:2      | Noticed Natasha
  1056 | D:2      | 1056 ||| INVOKING Spit Poison.
  1060 | D:2      | 1060 ||| INVOKING Spit Poison.
  1062 | D:2      | 1062 ||| INVOKING Spit Poison.
  1062 | D:2      | HP: 10/40 [frilled lizard (2)]
  1063 | D:2      | HP: 1/40 [Natasha (6)]
  1063 | D:2      | Slain by a frilled lizard

Levels and vault maps discovered:
D:1:      dpeg_cavernosity, layout_rooms
D:2:      layout_basic, minmay_box_of_dots, uniq_natasha, uniq_terence

Skill      XL: |  1  2  3 |
---------------+----------+-----
Ranged Weapons | 4 5 |  5.0
Fighting       | |  2.7
Dodging        | |  1.5
Stealth        | |  1.5

Action                     |  1- 3 |  4- 6 || total
---------------------------+-------+-------++-------
   Fire: Shortbow          |    46 |    26 ||    72
Ability: Spit Poison       |    21 |    12 ||    33
    Use: Scroll            |     2 |       ||     2
 Armour: Leather armour    |     2 |     3 ||     5
  Dodge: Dodged            |     4 |    20 ||    24

Table legend:
 A = Non-vault XP
 B = Vault XP
 C = Vault XP percentage of total XP
 D = Non-vault monster count
 E = Vault monster count
 F = Vault count percentage of total count
                 A         B        C        D         E       F
            +---------+---------+-------+---------+---------+-------
      Total |      71 |      51 |  41.8 |      35 |      10 |  22.2
            +---------+---------+-------+---------+---------+-------
        D:1 |      25 |       5 |  16.7 |      15 |       4 |  21.1
        D:2 |      46 |      46 |  50.0 |      20 |       6 |  23.1
            +---------+---------+-------+---------+---------+-------
